 Dungeon Crawl Stone Soup version 0.26.0-18-gc5c842f807 (webtiles) character file.

Game seed: 7592457550030277537

27 kaeus the Firebug (level 3, -1/19 HPs)
             Began as a Gargoyle Fire Elementalist on Jan 23, 2021.
             Slain by a phantom (6 damage)
             ... on level 2 of the Dungeon.
             The game lasted 00:00:51 (1385 turns).

kaeus the Firebug (Gargoyle Fire Elementalist)      Turns: 1385, Time: 00:00:52

Health: -1/19      AC:  5    Str: 11    XL:     3   Next: 10%
Magic:  0/6        EV: 12    Int: 16    God:
Gold:   59         SH:  0    Dex: 10    Spells: 5/6 levels left

rFire    . . .     SeeInvis .   e - +0 dagger
rCold    . . .     Faith    .   (no shield)
rNeg     + . .     Spirit   +   a - +0 robe
rPois    ∞         Reflect  .   (no helmet)
rElec    +         Harm     .   (no cloak)
rCorr    .         Rampage  .   (no gloves)
Will     .....                  (no boots)
Stlth    ++........             d - amulet of guardian spirit
HPRegen  0.06/turn              (no ring)
MPRegen  0.10/turn              (no ring)

@: no status effects
A: negative energy resistance 1, electricity resistance, unbreathing,
petrification resistance, miasma immunity, AC +3
a: no special abilities


You were on level 2 of the Dungeon.
You visited 1 branch of the dungeon, and saw 2 of its levels.

You collected 59 gold pieces.

Inventory:

Hand Weapons
 e - a +0 dagger (weapon)
Armour
 a - a +0 robe (worn)
Jewellery
 d - an amulet of guardian spirit (around neck)
Scrolls
 f - a scroll of fear {unknown}
 i - 3 scrolls of blinking {unknown}
 j - a scroll of fog {unknown}
Potions
 b - 2 potions of attraction {unknown}
 c - a potion of cancellation {unknown}
 g - 3 potions of mutation {unknown}
 h - a potion of might {unknown}


   Skills:
 - Level 1.5 Dodging
 - Level 2.1 Stealth
 + Level 2.3 Spellcasting
 + Level 1.7 Conjurations
 * Level 3.6 Fire Magic


You had 5 spell levels left.
You knew the following spells:

 Your Spells              Type           Power        Failure   Level
a - Foxfire               Conj/Fire      40%          7%          1

Your spell library contained the following spells:

 Spells                   Type           Power        Failure   Level
 Conjure Flame            Conj/Fire      10%          21%         3
 Inner Flame              Hex/Fire       7%           28%         3
 Sticky Flame             Conj/Fire      10%          54%         4
 Fireball                 Conj/Fire      5%           88%         5


Dungeon Overview and Level Annotations

Branches:
Dungeon (2/15)

Altars:
Uskayaw
Vehumet


Innate Abilities, Weirdness & Mutations

You are resistant to torment.
Your stone body is resilient. (AC +3)
You are immune to poison.
You resist negative energy. (rN+)
You are resistant to electric shocks. (rElec)
You can survive without breathing.
You are immune to petrification.
You are immune to miasma.


Message History

A phantom is nearby!
You closely miss the phantom.
The phantom is severely damaged.
The phantom hits you.
The phantom blinks!
You take 4 damage, and have 7/19 hp.
MASSIVE DAMAGE!!
A phantom is nearby!
You are too injured to fight recklessly!
A phantom is nearby!
You are too injured to fight recklessly!
A phantom is nearby!
You are too injured to fight recklessly!
A phantom is nearby!
You are too injured to fight recklessly!
A phantom is nearby!
You are too injured to fight recklessly!
The phantom hits you.
* * * LOW HITPOINT WARNING * * *
You take 2 damage, and have 5/19 hp.
The phantom hits you!
You die...

#.#.8..._...8..#
#.#....###.....#
#.#..†......#..
###.###.##...#.#### .
.[.....)..[....#####.
.##..................#
#####.#.#..#########
.......W...#
#####...@>.# #...<.##
#.#.#...# #.......#
#.#####...#
..........#
#.#####...#
........(.#
..........#


You could see a phantom.

Vanquished Creatures
  A dart slug (D:1)
  A leopard gecko (D:1)
  A bat zombie (D:1)
  A giant cockroach (D:1)
  4 goblins (D:1)
  4 hobgoblins (D:1)
  A bat (D:1)
  A frilled lizard (D:1)
  3 kobolds (D:1)
  A leopard gecko zombie (D:1)
  4 rats
22 creatures vanquished.

Vanquished Creatures (others)
  97 foxfires
97 creatures vanquished.

Grand Total: 119 creatures vanquished

Notes
Turn   | Place    | Note
-------+----------+-------------------------------------------
     0 | D:1      | kaeus the Gargoyle Fire Elementalist began the quest for
                  | the Orb.
     0 | D:1      | Reached XP level 1. HP: 10/10 MP: 3/3
   485 | D:1      | Reached XP level 2. HP: 15/15 MP: 1/5
  1018 | D:1      | Reached XP level 3. HP: 19/19 MP: 1/6
  1322 | D:2      | Noticed a phantom
  1339 | D:2      | Found a hide-covered altar of Uskayaw.
  1342 | D:2      | Found a radiant altar of Vehumet.
  1385 | D:2      | Slain by a phantom

Illustrated notes

Levels and vault maps discovered:
D:1:      saegor_arrival_fortress, layout_basic
D:2:      layout_basic, lemuel_crystal_altar, eat_drink_and_be_merry_uskayaw

Action                   || total
-------------------------++-------
Melee: Unarmed           ||     7
       Dagger            ||    30
 Cast: Foxfire           ||    66
Armor: Robe              ||     5
Dodge: Dodged            ||    21
